 Dungeon Crawl Stone Soup version 0.29-a0-512-gf59ac788ac (webtiles) character file.

Game seed: 12206498313525130008

170 kyalle the Cutter (level 5, -2/67 HPs)
             Began as a Minotaur Fighter on May 29, 2022.
             Slain by an orc
             ... wielding a +0 trident
              (4 damage)
             ... on level 3 of the Dungeon.
             The game lasted 00:09:09 (3072 turns).

kyalle the Cutter (Minotaur Fighter)                Turns: 3072, Time: 00:09:13

Health: -2/67      AC: 22    Str: 22    XL:     5   Next: 26%
Magic:  4/4        EV:  2    Int:  5    God:
Gold:   147        SH:  4    Dex: 10    Spells: 4/4 levels left

rFire   . . .      SeeInvis .   i - +2 dagger (drain)
rCold   . . .      Faith    .   c - +0 buckler
rNeg    . . .      Spirit   .   (body armour currently unavailable)
rPois   +          Reflect  .   (helmet currently unavailable)
rElec   .          Harm     .   (cloak currently unavailable)
rCorr   .          Rampage  .   (gloves currently unavailable)
Will    .....      NoTele   +   (boots currently unavailable)
Stlth   +.........              (no amulet)
HPRegen 0.21/turn               (no ring)
MPRegen 0.09/turn               (no ring)

@: tree-form
A: stationary, stasis, torment immunity, boosted hp, (horns 2), (retaliatory
headbutt)
a: no special abilities


You were on level 3 of the Dungeon.
You were a tree.
You visited 1 branch of the dungeon, and saw 3 of its levels.

You collected 147 gold pieces.

Inventory:

Hand Weapons
 a - a +0 war axe
 i - a +2 dagger of draining (weapon)
Missiles
 g - 5 boomerangs (quivered)
Armour
 b - a +0 scale mail (melded)
 c - a +0 buckler (worn)
 h - a +0 pair of boots (melded)
Scrolls
 f - 2 scrolls of blinking
 j - a scroll of identify
 k - a scroll of fog {unknown}
 l - a scroll of immolation {unknown}
 q - a scroll of enchant armour {unknown}
Potions
 d - 2 potions of might
 e - 2 potions of flight
 m - a potion of berserk rage
 n - a potion of mutation {unknown}
 p - a potion of haste {unknown}


   Skills:
 - Level 3.6 Fighting
 * Level 4.6 Short Blades
 - Level 4.1 Axes
 + Level 0.0 Throwing
 - Level 3.6 Armour
 - Level 3.6 Shields


You had 4 spell levels left.
You didn't know any spells.
Your spell library contained the following spells:

 Spells                   Type           Power      Damage    Failure   Level
 Magic Dart               Conj           0%         1d3       56%         1
 Call Imp                 Summ           0%         N/A       71%         2
 Mephitic Cloud           Conj/Pois/Air  0%         N/A       91%         3
 Summon Guardian Golem    Hex/Summ       0%         N/A       91%         3
 Orb of Destruction       Conj           0%         9d5       100%        7
 Spellforged Servitor     Conj/Summ      0%         N/A       100%        7


Dungeon Overview and Level Annotations

Branches:
Dungeon (3/15)

Altars:
Zin


Innate Abilities, Weirdness & Mutations

You are a tree.
Your roots penetrate the ground, keeping you stationary.
You cannot be teleported.
You are immune to unholy pain and torment.
Your maximum health is greatly increased.
Your equipment is partially melded.
((You have a pair of horns on your head.))
((You reflexively headbutt those who attack you in melee.))


Message History

You kill the orc!
The orc completely misses you. The orc hits you with a +0 falchion.
* * * LOW HITPOINT WARNING * * *
You hit the orc but do no damage. You drain the orc.
The orc is heavily wounded.
You closely miss the orc.
The orc is heavily wounded.
The orc hits you from afar with a +0 trident.
* * * LOW HITPOINT WARNING * * *
The orc hits you but does no damage.
You hit the orc. You drain the orc.
You kill the orc!
The orc hits you but does no damage.
You cannot move.
Okay, then.
Setting a skill training target for Throwing at 12.0.
What are your orders? t - Creak!
Orders for allies: a - Attack new target. r - Retreat! s - Stop attacking. g - Guard the area. f - Follow me.
Anything else - Cancel.
Okay, then.
Throw: 5 boomerangs
Press: ? - help, Q - select action Shift-Dir - straight line, f - orc
Aim: an orc, wielding a +0 trident and wearing a +0 leather armour (56% to hit)
You throw a boomerang.
The boomerang hits the orc but does no damage.
The orc hits you but does no damage. x2
Throw: 5 boomerangs
Press: ? - help, Q - select action Shift-Dir - straight line, f/p - orc
Aim: an orc, wielding a +0 trident and wearing a +0 leather armour (56% to hit)
You throw a boomerang. The boomerang barely misses the orc.
The orc hits you but does no damage.
Throw: 5 boomerangs
Press: ? - help, Q - select action Shift-Dir - straight line, f/p - orc
Aim: an orc, wielding a +0 trident and wearing a +0 leather armour (56% to hit)
You throw a boomerang. The boomerang barely misses the orc.
The orc hits you from afar with a +0 trident.
You die...

**********##
*,,,,,,,,,.#
*,*******#.####****###
*,* *.....,,,,,..# *,*
#####)o#*******#.####
*,* #..†♣).# #.....
*,* #.####.# #.####
*,* #.# *,#########.#
*,* #.# *,*#........#
*,* #.# *,*#.######.#
#.###.####.##.# #.# ##
#..........##.# #.###.
#####.#######.# #.....
#.# #.# #.....


You could see an orc.

Vanquished Creatures
  An orc priest (D:3)
  A gnoll (D:1)
  4 adders
  5 worms
  A dart slug (D:3)
  5 orcs (D:3)
  5 endoplasms
  3 giant cockroaches
  10 hobgoblins
  9 kobolds
  6 quokkas
  6 ball pythons
  3 bats
  7 frilled lizards
  A goblin (D:3)
  9 rats
76 creatures vanquished.

Notes
Turn   | Place    | Note
-------+----------+-------------------------------------------
     0 | D:1      | kyalle the Minotaur Fighter began the quest for the Orb.
     0 | D:1      | Reached XP level 1. HP: 19/19 MP: 0/0
   349 | D:1      | Reached XP level 2. HP: 17/26 MP: 1/1
   927 | D:1      | Reached skill level 1 in Short Blades
   927 | D:1      | Reached XP level 3. HP: 28/31 MP: 2/2
  1572 | D:2      | Found a glowing silver altar of Zin.
  1608 | D:2      | Reached XP level 4. HP: 37/39 MP: 3/3
  2205 | D:3      | Identified the +0 robe "Woastabi" {rCorr Int+3}
  3061 | D:3      | Reached XP level 5. HP: 4/45 MP: 4/4
  3065 | D:3      | HP: 2/67 [orc/+0 trident (3)]
  3072 | D:3      | Slain by an orc

Illustrated notes

Levels and vault maps discovered:
D:1:      dpeg_arrival_erosion, layout_basic, serial_bayou, serial_bayou_pond_e,
          serial_bayou_pond_d, serial_bayou_shore_b, serial_bayou_shore_b
D:2:      layout_loops_cross, basic_altar, minmay_between
D:3:      minmay_chambers_of_twos, layout_loops_ring

Skill      XL: |  1  2  3  4 |
---------------+-------------+-----
Axes           | 3 4 |  4.1
Short Blades   | 1 2 4 |  4.6
Fighting       | |  3.6
Armour         | |  3.6
Shields        | |  3.6

Action                   |  1- 3 |  4- 6 || total
-------------------------+-------+-------++-------
Melee: War axe           |    47 |       ||    47
       Dagger            |    47 |    87 ||   134
       Headbutt          |     7 |     7 ||    14
Throw: Boomerang         |       |     3 ||     3
  Use: Scroll            |     2 |     7 ||     9
       Potion            |       |     1 ||     1
Armor: Scale mail        |    42 |    11 ||    53
       Skin              |       |    11 ||    11
Dodge: Dodged            |    38 |    29 ||    67
Block: Buckler           |    20 |    14 ||    34

Table legend: (Time is in decaauts)
 A = Elapsed time spent in this place.
 B = Non-inter-level travel time spent in this place.
 C = Inter-level travel time spent in this place.
 D = Time resting spent in this place.
 E = Time spent auto-exploring this place.
 F = Levels seen in this place.
 G = Mean time per level.
                   A        B        C        D        E       F      G
               +--------+--------+--------+--------+--------+-----+--------+
         Total |   3078 |   2980 |     98 |      0 |   2356 |   3 | 1026.0 |
       Dungeon |   3078 |   2980 |     98 |      0 |   2356 |   3 | 1026.0 |
               +--------+--------+--------+--------+--------+-----+--------+

Top non-repeatable levels by time:
     D:1: 1375 daAuts
     D:3: 1022 daAuts
     D:2: 681 daAuts
